[Event "VII Lorca Open 2018"]
[Site "Lorca"]
[Date "2018.12.27"]
[Round "2"]
[White "Solozhenkin, Evgeniy"]
[Black "Martinez Fernandez, Adrian"]
[Result "1/2-1/2"]
[ECO "B92"]
[WhiteElo "2427"]
[BlackElo "2212"]
[Annotator "NA"]
[PlyCount "101"]
[EventDate "2018.12.26"]
[EventType "swiss"]
[EventCountry "ESP"]
[SourceTitle "playchess.com"]
[Source "ChessBase"]
[SourceQuality "1"]
[TimeControl "5400+30"]

1. e4 c5 2. Nf3 d6 3. d4 Nf6 4. Nc3 cxd4 5. Nxd4 a6 6. Be2 e5 7. Nf3 Be7 8. Bg5 Nbd7 9. a4 h6 10. Be3 O-O 11. Nd2 Qc7 12. O-O b6 13. Bc4 Bb7 14. f3 Nc5 15. Qe2 Rfd8 16. Rad1 d5 17. exd5 Nxd5 18. Nxd5 Bxd5 19. Ne4 Qc6 20. Rxd5 Rxd5 21. Bxd5 Qxd5 22. Nc3 Qe6 23. Rd1 Rc8 24. Nd5 Bg5 25. Bxg5 hxg5 26. b4 Rd8 27. Qd2 Nb7 28. c4 g4 29. Qg5 gxf3 30. Ne7+ Kf8 31. Ng6+ fxg6 32. Rxd8+ Nxd8 33. Qxd8+ Kf7 34. Qc7+ Kg8 35. gxf3 Qf6 36. Qc8+ Kh7 37. Qh3+ Kg8 38. Qg4 Qd6 39. c5 Qd1+ 40. Kf2 bxc5 41. Qc4+ Kh7 42. bxc5 Qd2+ 43. Kg3 Qg5+ 44. Qg4 Qc1 45. Qh4+ Kg8 46. Qe7 Qg1+ 47. Kh3 Qf1+ 48. Kg3 Qg1+ 49. Kh3 Qf1+ 50. Kg3 Qg1+ 51. Kh3 1/2-1/2

[Event "VII Lorca Open 2018"]
[Site "Lorca"]
[Date "2018.12.27"]
[Round "2"]
[White "Arjun Kalyan"]
[Black "Silva Lucena, Cristian"]
[Result "1-0"]
[ECO "C92"]
[WhiteElo "2406"]
[BlackElo "2197"]
[Annotator "NA"]
[PlyCount "77"]
[EventDate "2018.12.26"]
[EventType "swiss"]
[EventCountry "ESP"]
[SourceTitle "playchess.com"]
[Source "ChessBase"]
[SourceQuality "1"]
[TimeControl "5400+30"]

1. e4 e5 2. Nf3 Nc6 3. Bb5 a6 4. Ba4 Nf6 5. O-O Be7 6. Re1 b5 7. Bb3 d6 8. c3 O-O 9. h3 Nd7 10. d4 Bf6 11. a4 Na5 {[%emt 0:00:41] C92: Closed Ruy Lopez: 9...Be6, Karpov and Flohr-Zaitsev Variations} (11... Rb8 12. axb5 axb5 13. d5 Ne7 14. Na3 g6 15. Nc2 Bg7 16. Nb4 Nc5 17. Be3 Nxb3 18. Qxb3 Bd7 19. Ra7 h6 20. c4 c5 21. dxc6 Nxc6 22. Nxc6 Bxc6 {½-½ (42) Mista,A (2588)-Piorun,K (2665) Czech Republic 2016}) 12. Bc2 b4 13. d5 b3 $146 ({Predecessor:} 13... bxc3 14. b4 Nb7 15. Nxc3 a5 16. b5 g6 17. Be3 Bg7 18. Qb1 Nb6 19. Ne2 {0-1 (59) Kleinick,M-Hochberg,B corr 1963}) 14. Bxb3 Nxb3 15. Qxb3 Be7 16. Be3 Rb8 17. Qa2 a5 18. Nbd2 Ba6 19. Qb1 Qe8 20. b4 axb4 21. cxb4 f5 22. exf5 Qf7 23. Rc1 Bd8 24. Bg5 Bxg5 25. Nxg5 Qxd5 26. Qa2 Qxa2 27. Rxa2 Rxf5 28. Rxc7 Nf8 (28... Rxg5 $16 29. Rxd7 Rxb4 30. Rxd6 Rg6 31. Rxg6 hxg6) 29. Nge4 Rxb4 30. Nxd6 Rf6 31. N2e4 Rg6 32. f3 h6 33. a5 Rd4 34. Nf5 Rd1+ 35. Kh2 Kh7 36. Re7 Bc4 37. Rb2 Ra1 38. Rb8 $18 Ra2 39. Nh4 1-0

[Event "VII Lorca Open 2018"]
[Site "Lorca"]
[Date "2018.12.27"]
[Round "2"]
[White "Merario Alarcon, Andres"]
[Black "Romero Romero, Sebastian"]
[Result "1-0"]
[ECO "D15"]
[WhiteElo "2404"]
[BlackElo "2180"]
[Annotator "NA"]
[PlyCount "133"]
[EventDate "2018.12.26"]
[EventType "swiss"]
[EventCountry "ESP"]
[SourceTitle "playchess.com"]
[Source "ChessBase"]
[SourceQuality "1"]
[TimeControl "5400+30"]

1. d4 d5 2. c4 c6 3. Nf3 Nf6 4. Nc3 a6 5. e3 b5 6. b3 Bg4 7. h3 Bxf3 8. gxf3 e6 9. c5 Nbd7 10. f4 g6 11. Qc2 Nh5 12. Bb2 Bg7 13. O-O-O O-O 14. h4 a5 15. Kb1 f5 16. Be2 Ndf6 17. Bf3 b4 18. Na4 Rf7 19. Rdg1 Qc7 20. Bc1 Kh8 21. Bd2 Bh6 22. Qc1 Qb7 23. Kc2 Rg7 24. Qf1 Rag8 25. Qd3 Ne4 26. Be1 Nef6 27. Be2 Ra8 28. Bd2 Ne4 29. Be1 Nef6 30. f3 Ne8 31. Qd1 Nc7 32. Bd2 Nb5 33. Qf1 Ra7 34. Nb6 Nc7 35. Qf2 Rg8 36. a3 bxa3 37. Ra1 Nb5 38. Bxb5 cxb5 39. Rxa3 a4 40. bxa4 bxa4 41. Rha1 Qc6 42. Qe2 Rb8 43. Bc3 Bg7 44. Rxa4 Rxa4 45. Nxa4 Nf6 46. Nb6 Nd7 47. Nxd7 Qxd7 48. Qa6 e5 49. fxe5 f4 50. e6 Qc7 51. Qa7 Rb7 52. Qa8+ Rb8 53. Qxd5 fxe3 54. Ra8 Bf6 55. Kd3 Rxa8 56. Qxa8+ Kg7 57. c6 Qf4 58. Qb7+ Kh6 59. c7 Qf5+ 60. Qe4 Qb5+ 61. Kxe3 Qc4 62. Ba5 Qc1+ 63. Kf2 Qb2+ 64. Kg3 Bxd4 65. Qf4+ Kg7 66. Qf7+ Kh6 67. Bd2+ 1-0

[Event "VII Lorca Open 2018"]
[Site "Lorca"]
[Date "2018.12.27"]
[Round "2"]
[White "Suarez Uriel, Adrian"]
[Black "Natarajan C"]
[Result "1-0"]
[ECO "A06"]
[WhiteElo "2386"]
[BlackElo "2177"]
[Annotator "NA"]
[PlyCount "94"]
[EventDate "2018.12.26"]
[EventType "swiss"]
[EventCountry "ESP"]
[SourceTitle "playchess.com"]
[Source "ChessBase"]
[SourceQuality "1"]
[TimeControl "5400+30"]

1. Nf3 d5 2. b3 c5 3. e3 a6 4. Bb2 Nc6 5. d4 cxd4 6. exd4 Bf5 7. Be2 e6 8. O-O Rc8 9. c4 Nf6 10. Nc3 Bd6 11. Rc1 h6 12. Na4 O-O 13. Ne5 Qe7 14. Nb6 Rc7 15. Bf3 Rd8 16. Qe2 Nb8 17. Rfd1 Nbd7 18. Nbxd7 Nxd7 19. cxd5 Rxc1 20. Rxc1 exd5 21. Bxd5 Nxe5 22. dxe5 Bxe5 23. Bxf7+ Qxf7 24. Qxe5 Rd7 25. h3 Qg6 26. Kh2 Qd6 27. g4 Qxe5+ 28. Bxe5 Be4 29. Re1 Bc6 30. Re2 Rd1 31. h4 Rh1+ 32. Kg3 Rg1+ 33. Kf4 Rh1 34. h5 Rh3 35. Bd4 Rf3+ 36. Ke5 Rd3 37. Rc2 Kf7 38. Be3 Rd5+ 39. Kf4 g6 40. hxg6+ Kxg6 41. Kg3 h5 42. g5 Rd1 43. Kf4 Rg1 44. Ke5 Rd1 45. Rc4 Rd5+ 46. Ke6 Ra5 47. Rd4 Re5+ {[%emt 0:15:38] Rd6 Rf5 [%clk 0:11:20] Rd8 [%clk 0:07:31] Rf7 [%clk 0:10:42] f4 [%clk 0:06:49] h4 [%clk 0:07:18] Rg8 [%clk 0:06:30] h3 [%clk 0:04:23] f5 [%clk 0:06:58] Rg7 [%clk 0:04:51] Rxg7 [%clk 0:07:21] Kxg7 [%clk 0:05:09] Bf4 [%clk 0:07:43] Be8 [%clk 0:04:07] Ke7 [%clk 0:07:44] Bh5 [%clk 0:04:23] Be5 [%clk 0:08:01] Kg8 [%clk 0:04:00] g6 [%clk 0:08:10] b5 [%clk 0:01:51] b4 [%clk 0:08:36] h2 [%clk 0:02:05] Bxh2 [%clk 0:08:59]} 1-0

[Event "VII Lorca Open 2018"]
[Site "Lorca"]
[Date "2018.12.27"]
[Round "2"]
[White "Low, Zhen Yu Cyrus"]
[Black "Carbonell Sancho, Marc"]
[Result "1-0"]
[ECO "C07"]
[WhiteElo "2384"]
[BlackElo "2153"]
[Annotator "NA"]
[PlyCount "73"]
[EventDate "2018.12.26"]
[EventType "swiss"]
[EventCountry "ESP"]
[SourceTitle "playchess.com"]
[Source "ChessBase"]
[SourceQuality "1"]
[TimeControl "5400+30"]

1. e4 e6 2. d4 d5 3. Nd2 c5 4. Ngf3 cxd4 5. Nxd4 Nc6 6. Bb5 Bd7 7. Nxc6 bxc6 8. Bd3 Bd6 {[%emt 0:00:08] C07: French Tarrasch: 3...c5, 4 Ngf3 and 4 exd5 Qxd5} 9. Qe2 Ne7 10. Nf3 Ng6 (10... h6 11. c4 O-O 12. O-O a5 13. Re1 a4 14. Bd2 Rb8 15. Bc3 Bb4 16. Ne5 Bxc3 17. bxc3 {½-½ (52) Navara,D (2740)-Kovalenko,I (2639) Katowice 2017}) 11. e5 Bc7 12. O-O O-O 13. h4 $146 ({Predecessor:} 13. c4 f6 14. Bxg6 hxg6 15. b3 g5 16. Ba3 {½-½ (74) Solak,D (2635)-Lupulescu,C (2618) Baku 2016}) 13... f6 14. Bxg6 hxg6 15. Bf4 Qe8 16. Bg3 c5 17. Rfe1 Bb5 18. Qd2 Rc8 19. c3 a5 20. Qe3 $11 Bd7 21. Qxc5 fxe5 22. Qe3 e4 23. Bxc7 exf3 24. Bd6 Rf5 25. g3 Rc4 26. Bf4 g5 27. Bxg5 Rg4 28. Qd3 Qh5 29. Re3 d4 30. cxd4 Bb5 31. Qb3 Be2 32. Qxe6+ Rf7 33. Qe5 Qg6 34. Rc1 Kh7 35. d5 Rb7 36. Qe6 Rxb2 37. Qxg4 1-0

[Event "VII Lorca Open 2018"]
[Site "Lorca"]
[Date "2018.12.27"]
[Round "2"]
[White "Aguilar, Andres"]
[Black "Vazquez Igarza, Renier"]
[Result "1-0"]
[ECO "A20"]
[WhiteElo "2307"]
[BlackElo "2570"]
[Annotator "ChessBase"]
[PlyCount "93"]
[EventDate "2018.12.26"]
[EventType "swiss"]
[EventCountry "ESP"]
[SourceTitle "playchess.com"]
[Source "ChessBase"]
[SourceQuality "1"]
[TimeControl "5400+30"]

1. c4 e5 2. g3 Nf6 3. Bg2 d5 4. cxd5 Nxd5 5. Nf3 Nc6 6. O-O Nb6 7. d3 Be7 8. Nbd2 g5 9. b3 g4 10. Ne1 Be6 11. Bxc6+ bxc6 12. Bb2 f6 13. Rc1 Qd5 14. Qc2 Bd7 15. Ng2 h5 16. e4 Qe6 17. f4 gxf3 18. Nxf3 c5 19. Nfh4 Bb5 20. Ng6 O-O-O 21. Rfd1 Rhg8 22. Nxe7+ Qxe7 23. Nh4 Bd7 24. Ba3 Bg4 25. Rd2 Nd7 26. b4 Qe6 27. Qa4 Kb7 28. bxc5 Ka8 29. c6 Nb6 30. Qa6 Rb8 31. Rc5 Qc8 32. Qa5 Rd8 33. Ng6 Re8 34. Rb5 h4 35. Ne7 Rxe7 36. Bxe7 hxg3 37. hxg3 a6 38. Bxf6 Ka7 39. Rb3 Qe8 40. Qxe5 Qxc6 41. Rc3 Qa4 42. Rxc7+ Ka8 43. Qc3 Bd7 44. Bd4 Qb5 45. Rb2 Qg5 46. Bf2 Qh5 47. Rxd7 1-0

[Event "VII Lorca Open 2018"]
[Site "Lorca"]
[Date "2018.12.27"]
[Round "2"]
[White "Gavarrete, Nahun"]
[Black "Grigoryan, Karen H."]
[Result "0-1"]
[ECO "A29"]
[WhiteElo "2304"]
[BlackElo "2557"]
[Annotator "RC"]
[PlyCount "50"]
[EventDate "2018.12.26"]
[EventType "swiss"]
[EventCountry "ESP"]
[SourceTitle "playchess.com"]
[Source "ChessBase"]
[SourceQuality "1"]
[TimeControl "5400+30"]

1. c4 e5 2. g3 Nf6 3. Bg2 d5 4. cxd5 Nxd5 5. Nc3 Nb6 6. Nf3 Nc6 7. O-O Be7 8. Rb1 g5 9. d3 g4 10. Ne1 h5 11. Nc2 h4 12. b4 hxg3 13. hxg3 a6 14. a4 a5 15. b5 Nd4 16. Nxd4 exd4 17. Ne4 f5 18. Nd2 Be6 19. Nb3 Bd5 20. Bb2 Bxg2 21. Kxg2 Qd5+ 22. f3 Rh3 23. Bxd4 Bd6 24. Bf2 O-O-O 25. e4 fxe4 0-1

[Event "VII Lorca Open 2018"]
[Site "Lorca"]
[Date "2018.12.27"]
[Round "2"]
[White "Orantes Taboada, Francisco"]
[Black "Gascon Del Nogal, Jose Rafael"]
[Result "1/2-1/2"]
[ECO "E62"]
[WhiteElo "2295"]
[BlackElo "2484"]
[Annotator "ChessBase"]
[PlyCount "161"]
[EventDate "2018.12.26"]
[EventType "swiss"]
[EventCountry "ESP"]
[SourceTitle "playchess.com"]
[Source "ChessBase"]
[SourceQuality "1"]
[TimeControl "5400+30"]

1. Nf3 d6 2. d4 Nf6 3. g3 g6 4. Bg2 Bg7 5. c4 O-O 6. O-O c6 7. Nc3 Qa5 8. e4 Bg4 9. h3 Bxf3 10. Bxf3 e5 11. dxe5 dxe5 12. Qa4 Qxa4 13. Nxa4 Nbd7 14. Be3 Rfd8 15. Rfd1 Bf8 16. c5 Be7 17. Rd3 b5 18. cxb6 axb6 19. Nc3 Bc5 20. Rad1 Bxe3 21. fxe3 Kf8 22. Rd6 Rac8 23. b4 Ke7 24. a4 Ne8 25. R6d2 Nb8 26. Rxd8 Rxd8 27. Rxd8 Kxd8 28. Be2 Nd6 29. Kf2 Kc7 30. Bd3 Nd7 31. Kf3 Nf6 32. g4 h6 33. Bb1 g5 34. Ba2 Nd7 35. b5 Nf6 36. Bb3 Nd7 37. Ba2 Nc5 38. bxc6 Kxc6 39. Bd5+ Kc7 40. Ke2 Kb8 41. Bc6 Ka7 42. Nb5+ Nxb5 43. axb5 Kb8 44. Kd2 Kc7 45. Kc3 Kd6 46. Kc4 Na4 47. Kb3 Nc5+ 48. Kc4 f6 49. Bd5 Ke7 50. Bc6 Ne6 51. Kd5 Nc7+ 52. Kc4 Kf7 53. Bd7 Ke7 54. Bc6 Kd6 55. Bb7 Ne8 56. Bc6 Ng7 57. Bd5 h5 58. Bf7 h4 59. Bg6 Ne6 60. Bf5 Nc5 61. Kc3 Na4+ 62. Kb3 Nc5+ 63. Kc4 Kc7 64. Kc3 Nb7 65. Kc4 Kd6 66. Kb4 Ke7 67. Bh7 Nd6 68. Bg6 Kf8 69. Bh7 Kf7 70. Bf5 Ke7 71. Bg6 Ke6 72. Bh7 Kd7 73. Bf5+ Kc7 74. Bg6 Nb7 75. Bf5 Kd6 76. Kc4 Nc5 77. Kc3 Nb7 78. Kc4 Nd8 79. Bg6 Ne6 80. Bf5 Nc5 {[%emt 0:00:53] Kd4 [%clk 0:00:00] Kd5+ Kc4+ [%clk 0:00:00] Kd6} 81. Bg6 1/2-1/2

[Event "VII Lorca Open 2018"]
[Site "Lorca"]
[Date "2018.12.27"]
[Round "2"]
[White "Tudela Corbalan, Carlos"]
[Black "Franco Ocampos, Zenon"]
[Result "0-1"]
[ECO "A09"]
[WhiteElo "2252"]
[BlackElo "2477"]
[Annotator "ChessBase"]
[PlyCount "80"]
[EventDate "2018.12.26"]
[EventType "swiss"]
[EventCountry "ESP"]
[SourceTitle "playchess.com"]
[Source "ChessBase"]
[SourceQuality "1"]
[TimeControl "5400+30"]

1. Nf3 d5 2. c4 d4 3. e3 Nc6 4. b4 dxe3 5. fxe3 Nxb4 6. d4 e6 7. a3 Nc6 8. Bd3 g6 9. O-O Bg7 10. Bb2 Nge7 11. Qe2 O-O 12. Nbd2 Nf5 13. Qf2 b6 14. Rfe1 a5 15. Rad1 a4 16. Ne4 Nd6 17. d5 exd5 18. cxd5 Na5 19. Bxg7 Kxg7 20. Qb2+ f6 21. Nxd6 Qxd6 22. e4 Kg8 23. e5 fxe5 24. Rxe5 Bg4 25. Qe2 Nb3 26. Bc4 Nc5 27. Re1 Rf7 28. Qe3 Bxf3 29. gxf3 Raf8 30. Re8 Rxe8 31. Qxe8+ Kg7 32. Kg2 Qf4 33. Qe2 Rf5 34. Qb2+ Kh6 35. Qe2 Nd7 36. Qe4 Qg5+ 37. Kh1 Nf6 38. Qd3 Qf4 39. Rf1 Re5 40. Kg2 Rh5 0-1

[Event "VII Lorca Open 2018"]
[Site "Lorca"]
[Date "2018.12.27"]
[Round "2"]
[White "Jimenez Ruano, Adrian"]
[Black "Plaskett, H James"]
[Result "1-0"]
[ECO "E43"]
[WhiteElo "2245"]
[BlackElo "2454"]
[Annotator "ChessBase"]
[PlyCount "110"]
[EventDate "2018.12.26"]
[EventType "swiss"]
[EventCountry "ESP"]
[SourceTitle "playchess.com"]
[Source "ChessBase"]
[SourceQuality "1"]
[TimeControl "5400+30"]

1. d4 Nf6 2. c4 e6 3. Nc3 Bb4 4. e3 b6 5. Bd3 Bb7 6. Nf3 Ne4 7. O-O Bxc3 8. bxc3 f5 9. Qc2 O-O 10. c5 Rf6 11. Ne5 Rh6 12. f3 Qh4 13. g3 Nxg3 14. hxg3 Qh1+ 15. Kf2 Qh2+ 16. Ke1 Qxg3+ 17. Qf2 Qh3 18. e4 Rh5 19. exf5 Nc6 20. Nxc6 Bxc6 21. cxb6 axb6 22. Bf4 Rxf5 23. Bxf5 Qxf5 24. Qd2 d6 25. Rc1 Rf8 26. Bg3 Bxf3 27. Qe3 h5 28. Kd2 g5 29. Rce1 Rf6 30. Rg1 Qd5 31. Ra1 Bg4 32. Qd3 b5 33. a4 bxa4 34. Rxa4 Kg7 35. Ra7 Rf7 36. c4 Qc6 37. Qc3 Qb6 38. d5+ e5 39. Rga1 Rf3 40. Bxe5+ dxe5 41. Qxe5+ Rf6 42. Rxc7+ Kh6 43. Qxf6+ Qxf6 44. Rc6 Kg6 45. Rxf6+ Kxf6 46. Re1 h4 47. c5 Bf3 48. d6 Bc6 49. Ke3 Ke5 50. Kf2+ Kf4 51. Rd1 g4 52. Rd4+ Kf5 53. d7 g3+ 54. Ke2 Bb5+ 55. Ke3 Bxd7 1-0

[Event "VII Lorca Open 2018"]
[Site "Lorca"]
[Date "2018.12.27"]
[Round "2"]
[White "Montanes Arribas, Adrian"]
[Black "Tejedor Fuente, Enrique"]
[Result "0-1"]
[ECO "D02"]
[WhiteElo "2242"]
[BlackElo "2428"]
[Annotator "NA"]
[PlyCount "58"]
[EventDate "2018.12.26"]
[EventType "swiss"]
[EventCountry "ESP"]
[SourceTitle "playchess.com"]
[Source "ChessBase"]
[SourceQuality "1"]
[TimeControl "5400+30"]

1. d4 d5 2. Nf3 c6 3. Bf4 Nf6 4. e3 Qb6 5. b3 g6 {[%emt 0:00:30] D02: 1 d4 d5 2 Nf3 sidelines, including 2...Nf6 3 g3 and 2...Nf6 3 Bf4} (5... Nh5 6. Bg5 h6 7. Bh4 Nd7 8. Ne5 Nxe5 9. Qxh5 Ng4 10. Bg3 g6 11. Qh4 Bg7 {0-1 (11) Bareev,E (2669)-Nakamura,H (2816) Las Vegas 2015}) 6. Bd3 Bg7 7. h3 O-O 8. O-O c5 9. Nbd2 cxd4 $146 ({Predecessor:} 9... Nc6 10. c3 Nd7 11. Rc1 e5 12. Nxe5 Ndxe5 13. dxe5 Nxe5 14. Bb1 {0-1 (36) Bottino,C-Lantini,M Caorle 1984}) 10. exd4 Nc6 11. c3 Bf5 12. Bxf5 gxf5 13. Ne5 Rac8 14. Qf3 e6 15. g4 Ne4 16. Nd7 Qd8 $1 17. Nxf8 Nxc3 18. Nxe6 (18. Qxc3 $16 Nxd4 19. Qe3) 18... fxe6 19. Qxc3 Nxd4 20. Qe3 Rc3 $14 21. Qe1 Qh4 22. f3 Qxh3 23. Rf2 Rc6 24. Rc1 Kf7 25. Rxc6 bxc6 26. Be5 Nc2 27. Qf1 Qh6 28. Bxg7 Qxg7 29. Qh3 Ke7 0-1

[Event "VII Lorca Open 2018"]
[Site "Lorca"]
[Date "2018.12.27"]
[Round "2"]
[White "Hernandez Estevez, Yudania"]
[Black "Bjerre, Jonas Buhl"]
[Result "0-1"]
[ECO "B92"]
[WhiteElo "2219"]
[BlackElo "2421"]
[Annotator "NA"]
[PlyCount "78"]
[EventDate "2018.12.26"]
[EventType "swiss"]
[EventCountry "ESP"]
[SourceTitle "playchess.com"]
[Source "ChessBase"]
[SourceQuality "1"]
[TimeControl "5400+30"]

1. e4 c5 2. Nf3 d6 3. d4 cxd4 4. Nxd4 Nf6 5. Nc3 a6 6. Be2 e5 7. Nb3 Be7 8. O-O O-O 9. Be3 Be6 10. Qd2 Nbd7 11. a4 Rc8 12. a5 Qc7 13. Rfd1 Qc6 14. Bf3 {[%emt 0:05:02] B92: Sicilian Najdorf: 6 Be2} Rfd8 15. Qe1 Nf8 (15... h6 16. Nc1 Qc7 17. h3 Re8 18. Nb3 Qb8 19. Rac1 Bd8 20. Ra1 Rc4 21. Nd2 Rc6 22. Nf1 {½-½ (42) Hou,Y (2653)-Yu,Y (2734) Danzhou 2016}) 16. Bb6 Re8 17. Rd2 Ng6 18. g3 Bd8 $146 ({Predecessor:} 18... Rf8 19. Qd1 Nd7 20. Be3 Rfd8 21. Nc1 Nf6 22. Bb6 {1-0 (59) Pelizzola,D (2127)-Papale,C (1821) Milan 2014}) 19. Be3 Ng4 20. Bxg4 Bxg4 21. Kg2 f5 22. f3 Bh5 23. Nd5 Rf8 24. Bb6 $19 fxe4 25. fxe4 Bg5 26. Be3 Bf3+ 27. Kg1 Bxe4 28. Nc3 Bxe3+ 29. Qxe3 Bf3 30. Rf1 Bg4 31. Re1 Bh3 32. Qe4 Bf5 33. Qe3 Rf7 34. Ne4 d5 35. Ng5 Rf6 36. Qf3 h6 37. Qh5 hxg5 38. Rf2 Bxc2 39. Rxf6 Qxf6 0-1

[Event "VII Lorca Open 2018"]
[Site "Lorca"]
[Date "2018.12.27"]
[Round "2"]
[White "Aguilera Lopez, Alejandro"]
[Black "Domingo Nunez, Alejandro"]
[Result "0-1"]
[ECO "A48"]
[WhiteElo "2198"]
[BlackElo "2404"]
[Annotator "NA"]
[PlyCount "72"]
[EventDate "2018.12.26"]
[EventType "swiss"]
[EventCountry "ESP"]
[SourceTitle "playchess.com"]
[Source "ChessBase"]
[SourceQuality "1"]
[TimeControl "5400+30"]

1. d4 Nf6 2. Nf3 g6 3. Bg5 Bg7 4. e3 O-O 5. Be2 d6 6. O-O b6 {[%emt 0:00:33] A48: 1 d4 Nf6 2 Nf3 g6: Torre, London and Colle Systems} 7. c4 Nbd7 8. Nc3 h6 (8... Bb7 9. Nd2 h6 10. Bh4 d5 11. cxd5 Nxd5 12. Nxd5 Bxd5 13. Bf3 Bxf3 14. Nxf3 c5 15. Rc1 Rc8 16. Qe2 cxd4 17. Nxd4 Rxc1 18. Rxc1 Bxd4 19. exd4 {½-½ (47) Aronian,L (2784)-Li,C (2755) Stavanger 2016}) 9. Bh4 g5 10. Bg3 Nh5 11. Qc2 $146 ({Predecessor:} 11. Rc1 Nxg3 12. hxg3 e5 13. dxe5 Nxe5 14. Nxe5 Bxe5 15. Bf3 Rb8 {½-½ (45) Nunes,A (1746)-Tamarozi,I (2013) Itajai 2017}) 11... Nxg3 12. hxg3 Bb7 13. Rad1 e6 14. e4 Qe7 15. Nh2 Rae8 16. Rfe1 a6 17. b4 c5 18. bxc5 dxc5 19. d5 exd5 20. cxd5 b5 21. Bg4 Ne5 22. Bf5 c4 $1 23. d6 Qf6 24. d7 Rd8 $16 (24... Nxd7 $1 $11 {remains equal.} 25. Nxb5 axb5 26. Bxd7 Re7) 25. Nd5 Qd6 26. Nf4 Qc6 27. Nd5 Kh8 28. Nb4 Qc7 29. Nf3 Nxd7 30. Qe2 Rfe8 31. Nd5 Qc6 32. Nd4 Qc5 33. Qh5 Bxd5 34. exd5 Rxe1+ 35. Rxe1 Qxd4 36. Qxf7 Qf6 0-1

[Event "VII Lorca Open 2018"]
[Site "Lorca"]
[Date "2018.12.27"]
[Round "2"]
[White "Sanchez Jerez, Emilio Miguel"]
[Black "Sabuk, Piotr"]
[Result "0-1"]
[ECO "C50"]
[WhiteElo "2193"]
[BlackElo "2391"]
[Annotator "NA"]
[PlyCount "144"]
[EventDate "2018.12.26"]
[EventType "swiss"]
[EventCountry "ESP"]
[SourceTitle "playchess.com"]
[Source "ChessBase"]
[SourceQuality "1"]
[TimeControl "5400+30"]

1. e4 e5 2. Nf3 Nc6 3. Bc4 d6 4. d4 exd4 5. Nxd4 g6 6. O-O Bg7 7. Nxc6 bxc6 8. Qf3 Qf6 9. Qg3 Ne7 10. Nc3 Rb8 11. Bb3 h6 12. Be3 a5 13. f4 O-O 14. Rad1 Ba6 15. Rfe1 c5 16. e5 Qf5 17. exd6 cxd6 18. Rxd6 Qc8 19. Nd5 Nf5 20. Qf2 c4 21. g4 Nxd6 22. Ne7+ Kh7 23. Nxc8 Rfxc8 24. Ba4 Ne4 25. Qg2 Bb7 26. Qh3 Rd8 27. f5 Nd2 28. fxg6+ fxg6 29. Bxd2 Rxd2 30. Re7 Rd1+ 31. Kf2 Rf8+ 32. Ke2 Bf3+ 33. Qxf3 Rxf3 34. Kxf3 Rf1+ 35. Kg3 Ra1 36. a3 c3 37. b3 Rxa3 38. Bb5 g5 39. h4 gxh4+ 40. Kxh4 Kg6 41. Be8+ Kh7 42. Kh5 Ra1 43. Bg6+ Kg8 44. Bf5 Rd1 45. Be6+ Kh7 46. Bf5+ Kg8 47. Re8+ Kf7 48. Bg6+ Kf6 49. Be4 Rd2 50. Kh4 Kf7 51. Ra8 Be5 52. g5 Rd4 53. Ra7+ Ke6 54. Ra6+ Ke7 55. Ra7+ Kd6 56. Ra6+ Kd7 57. Ra7+ Kd6 58. Ra6+ Kc7 59. Rc6+ Kd7 60. Rc4 Rxc4 61. bxc4 hxg5+ 62. Kxg5 Kd6 63. Bg6 a4 64. c5+ Kxc5 65. Kf5 Kd4 66. Be8 a3 67. Bf7 Bb8 68. Bb3 Ke3 69. Ke6 Kd2 70. Kd5 Kc1 71. Kc4 Kb2 72. Kd4 Bd6 0-1

[Event "VII Lorca Open 2018"]
[Site "Lorca"]
[Date "2018.12.27"]
[Round "2"]
[White "Salvador Lopez, Daniel"]
[Black "Medarde Santiago, Luis Marcos"]
[Result "0-1"]
[ECO "D00"]
[WhiteElo "2177"]
[BlackElo "2386"]
[Annotator "NA"]
[PlyCount "74"]
[EventDate "2018.12.26"]
[EventType "swiss"]
[EventCountry "ESP"]
[SourceTitle "playchess.com"]
[Source "ChessBase"]
[SourceQuality "1"]
[TimeControl "5400+30"]

1. d4 Nf6 2. Bg5 d5 3. Nd2 c5 4. c3 Qb6 5. Qb3 cxd4 6. cxd4 Qxd4 7. Be3 Qg4 8. g3 Nc6 9. Rc1 Qd7 10. Bc5 g6 11. Bh3 Qc7 12. Bxc8 Qxc8 13. Ngf3 Bg7 14. O-O Qd7 15. Rfd1 O-O 16. e4 dxe4 17. Nxe4 Qf5 18. Nxf6+ Qxf6 19. Nd4 Rfc8 20. Nxc6 Qxc6 21. Bxe7 Qxc1 22. Rxc1 Rxc1+ 23. Kg2 Rc7 24. Bg5 b6 25. Bf6 Bxf6 26. Qf3 Re8 27. Qxf6 Rc2 28. Qd4 h5 29. g4 hxg4 30. h3 Ree2 31. Kg3 Rxf2 32. hxg4 Rxb2 33. a4 a5 34. Qd7 Kh7 35. Qd4 Rg2+ 36. Kh3 Rbd2 37. Qf6 Rh2+ 0-1

[Event "VII Lorca Open 2018"]
[Site "Lorca"]
[Date "2018.12.27"]
[Round "2"]
[White "Rey Malde, Henrique"]
[Black "Domingo Nunez, Ruben"]
[Result "1/2-1/2"]
[ECO "C16"]
[WhiteElo "2171"]
[BlackElo "2383"]
[Annotator "NA"]
[PlyCount "113"]
[EventDate "2018.12.26"]
[EventType "swiss"]
[EventCountry "ESP"]
[SourceTitle "playchess.com"]
[Source "ChessBase"]
[SourceQuality "1"]
[TimeControl "5400+30"]

1. e4 e6 2. d4 d5 3. Nc3 Bb4 4. e5 Qd7 5. a3 Bxc3+ 6. bxc3 b6 7. Qg4 f5 8. Qg3 Ba6 9. Bxa6 Nxa6 10. Ne2 Kf7 11. O-O Ne7 12. Nf4 Rag8 13. a4 Nb8 14. a5 Nbc6 15. axb6 axb6 16. Nh5 Na5 17. Ba3 Ng6 18. Bb4 Nc4 19. Ra7 Ra8 20. Rfa1 Qc6 21. h4 Rxa7 22. Rxa7 Ra8 23. Rxa8 Qxa8 24. Nxg7 Nd2 25. Qg5 Ne4 26. Qc1 Kxg7 27. h5 c5 28. f3 cxb4 29. fxe4 Nf8 30. exf5 exf5 31. Qg5+ Kf7 32. Qxf5+ Ke8 33. e6 Qb7 34. cxb4 Qe7 35. Qxd5 Qxe6 36. Qxe6+ Nxe6 37. d5 Nf4 38. c4 Nd3 39. g4 Nxb4 40. Kf2 Nd3+ 41. Ke3 Ne5 42. g5 Nxc4+ 43. Kd4 Nd6 44. g6 hxg6 45. hxg6 Kd7 46. Ke5 Ne8 47. Kd4 Ke7 48. Ke5 b5 49. Ke4 Kd6 50. Kd4 Ng7 51. Ke4 Nh5 52. Kd4 Ng3 53. Kc3 Kc5 54. d6 Ne4+ 55. Kd3 Kxd6 56. Kxe4 Ke6 57. Kd4 {[%emt 0:00:06] Kd5+ [%clk 0:00:00] Kd3 [%clk 0:00:00] Kc5 Kc3 [%clk 0:00:00]} 1/2-1/2

[Event "VII Lorca Open 2018"]
[Site "Lorca"]
[Date "2018.12.27"]
[Round "2"]
[White "Manu David Suthandram R"]
[Black "Mingarro Carceller, Sergi"]
[Result "0-1"]
[ECO "B50"]
[WhiteElo "2153"]
[BlackElo "2361"]
[Annotator "NA"]
[PlyCount "152"]
[EventDate "2018.12.26"]
[EventType "swiss"]
[EventCountry "ESP"]
[SourceTitle "playchess.com"]
[Source "ChessBase"]
[SourceQuality "1"]
[TimeControl "5400+30"]

1. e4 c5 2. Nf3 d6 3. c3 Nf6 4. Bc4 Nxe4 5. Qa4+ Nc6 6. Bxf7+ Kxf7 7. Qxe4 g6 8. O-O Bf5 9. Qe2 Bg7 10. Rd1 Rf8 11. d4 cxd4 12. cxd4 Kg8 13. h3 Rc8 14. Nc3 Nb4 15. Bg5 Qa5 16. Qxe7 Qb6 17. Qe2 Rce8 18. Qc4+ Be6 19. Qb5 Bxh3 20. a3 Nc6 21. Qxb6 axb6 22. Nb5 Bg4 23. Nxd6 Re6 24. d5 Rxd6 25. dxc6 Rxd1+ 26. Rxd1 bxc6 27. Rd6 Bxf3 28. gxf3 Rxf3 29. Be3 Bxb2 30. Rxc6 b5 31. Rb6 Bxa3 32. Rxb5 h5 33. Kg2 Rf7 34. Rb6 Kh7 35. Rb5 Bd6 36. Rd5 Bc7 37. Rb5 Bd8 38. Rb8 Bf6 39. Rb5 Rg7 40. Rb6 Rf7 41. Rb5 Kg7 42. Kh3 Rc7 43. Ra5 Kf7 44. Rb5 Rc4 45. Rb7+ Ke6 46. Rb6+ Ke7 47. Rb7+ Kd6 48. Rb6+ Rc6 49. Rb5 Ke6 50. Ra5 Be5 51. Rb5 Rc4 52. Kg2 g5 53. Rb6+ Kf5 54. Rb7 Rg4+ 55. Kf3 Ra4 56. Rf7+ Kg6 57. Re7 g4+ 58. Kg2 Bf6 59. Rd7 h4 60. Rd5 Re4 61. Rd6 Kf5 62. Rd1 Be5 63. Rd7 h3+ 64. Kh1 Ra4 65. Rd1 Ke4 66. Kg1 Kf3 67. Bc1 Ra1 68. Rd3+ Ke4 69. Re3+ Kf5 70. Re1 Bc3 71. Rf1 Ke4 72. Kh2 Bd2 73. Rg1 Rxc1 74. Rxg4+ Bf4+ 75. Kxh3 Kf3 76. Kh4 Rh1# 0-1